 Dungeon Sprint DCSS version 0.31-a0-986-g5e6e4ef867 (webtiles) character file.

Game seed: 10049355154112454722

37 sircluck the Ruffian (level 3, -2/39 HPs)
             Began as a Troll Berserker on Nov 13, 2023.
             Was a Believer of Trog.
             Slain by an orc
             ... wielding a +0 flail
              (6 damage)
             ... in the Dungeon (Sprint IX: "|||||||||||||||||||||||||||||").
             The game lasted 00:00:09 (31 turns).

sircluck the Ruffian (Troll Berserker)                Turns: 31, Time: 00:00:09

Health: -2/39      AC:  4    Str: 27    XL:     3   Next: 21%
Magic:  2/2        EV: 10    Int:  3    God:    Trog [**....]
Gold:   0          SH:  0    Dex:  9    Spells: 2/2 levels left

rFire   . .          .
                       - Unarmed
rCold   . . .        (no shield)
rNeg    . . .        a - +0 animal skin
rPois   .            (helmet restricted)
rElec   .            (no cloak)
rCorr   .            (gloves unavailable)
SInv    .            (boots unavailable)
Will    .....        (no amulet)
Stlth   +            (no ring)
HPRegen 1.06/turn    (no ring)
MPRegen 0.08/turn

%: no teleportation
@: no status effects
A: large, unfitting armour, claws 3, regeneration 1, shaggy fur 1, tough skin 1
a: Renounce Religion, Berserk, Trog's Hand


You were in the Dungeon.
You worshipped Trog.
Trog was pleased with you.
You visited 1 branch

Inventory:

Armour
 a - a +0 animal skin (worn)
Scrolls
 g - a scroll of blinking
Potions
 b - a potion of curing
 c - a potion of heal wounds
 d - a potion of haste
 e - 2 potions of magic
 f - a potion of berserk rage


   Skills:
 + Level 3.9 Fighting
 + Level 3.9 Dodging
 + Level 4.7 Unarmed Combat


You had 2 spell levels left.
You didn't know any spells.
Your spell library was empty.

Dungeon Overview and Level Annotations

Branches:
Dungeon (1/1)

Altars:


Innate Abilities, Weirdness & Mutations

You are too large for most types of armour.
You have claws for hands.
Your natural rate of healing is unusually fast.
You are covered in fur. (AC +1)
You have tough skin. (AC +1)


Message History

No target in view!
Things that are here:
a bat corpse; a rat corpse You open the door.
A hound, a black bear, 2 orcs and an ogre come into view.
The hound barks!
The orc shouts!
The ogre shouts!
The black bear growls angrily.
The orc priest shouts!
You barely miss the hound. The hound bites you. x2
You claw the hound!
The hound is moderately wounded.
The hound bites you.
You scratch the hound.
The hound is heavily wounded.
The hound bites you but does no damage. The hound bites you.
You closely miss the hound.
The hound is heavily wounded.
The hound bites you but does no damage.
You scratch the hound.
The hound is severely wounded.
The orc priest mumbles some strange prayers to Beogh against you.
Beogh smites you!
* * * LOW HITPOINT WARNING * * *
The hound bites you.
* * * LOW HITPOINT WARNING * * *
You claw the hound!
You kill the hound!
Trog accepts your kill.
Your Fighting skill increases to level 3!
Your Dodging skill increases to level 3!
Your Unarmed Combat skill increases to level 4!
You have reached level 2!
You have reached level 3!
Your experience leads to an increase in your attributes!
Increase (S)trength, (I)ntelligence, or (D)exterity?
You feel stronger. x3
Unknown command.
The orc attacks as it pursues you! The orc hits you with a +0 flail!
* * * LOW HITPOINT WARNING * * *
The orc attacks as it pursues you! The orc hits you with a +0 flail.
You die...

▓▓▓
▓<▓
▓.▓
▓.▓
▓.▓
▓)▓
▓†▓
▓@▓
▓o▓
▓.▓
▓h▓
▓'▓
▓o▓
▓.▓
▓O▓
▓.▓


You could see a black bear, an ogre, an orc priest and an orc.

Vanquished Creatures
  A hound (D)
  A goblin (D)
  A quokka (D)
  A bat (D)
  A frilled lizard (D)
  A rat (D)
6 creatures vanquished.

Notes
Turn   | Place    | Note
-------+----------+-------------------------------------------
     0 | D        | sircluck the Troll Berserker began the quest for the Orb.
     0 | D        | Reached XP level 1. HP: 22/22 MP: 0/0
    12 | D        | Reached ** piety under Trog
    22 | D        | Noticed a hound
    22 | D        | Noticed a black bear
    22 | D        | Noticed an orc priest
    22 | D        | Noticed an ogre
    28 | D        | Killed a hound
    29 | D        | Reached skill level 4 in Unarmed Combat
    29 | D        | Reached XP level 2. HP: 6/32 MP: 1/1
    29 | D        | Reached XP level 3. HP: 8/39 MP: 2/2
    31 | D        | Slain by an orc

Illustrated notes

Levels and vault maps discovered:
D:        linesprint [early_d, line_temple, items_1, d_10, items_2, lair_1,
          lair_end, items_3, orc_1, orc_end, items_4, d_15, swamp_1, shoals_1,
          snake_1, spider_1, d_20, vaults_1, items_5, swamp_end, shoals_end,
          snake_end, spider_end, vaults_end, d_27, items_6, zot_1, zot_end,
          crypt_end, forest_end, elf_end, slime_end, tomb_end, abyss_end,
          pan_hell_end]

Skill      XL: |  1 |
---------------+----+-----
Fighting       | 3 |  3.9
Dodging        | 3 |  3.9
Unarmed Combat | 4 |  4.7

Action                     || total
---------------------------++-------
  Melee: Unarmed           ||    18
 Armour: Animal skin       ||    15
  Dodge: Dodged            ||     8

Table legend: (Time is in decaauts)
 A = Elapsed time spent in this place.
 B = Non-inter-level travel time spent in this place.
 C = Inter-level travel time spent in this place.
 D = Time resting spent in this place.
 E = Time spent auto-exploring this place.
 F = Levels seen in this place.
 G = Mean time per level.
                   A        B        C        D        E       F      G
               +--------+--------+--------+--------+--------+-----+--------+
         Total |     29 |     29 |      0 |      0 |      8 |   1 |   29.0 |
       Dungeon |     29 |     29 |      0 |      0 |      8 |   1 |   29.0 |
               +--------+--------+--------+--------+--------+-----+--------+

Top non-repeatable levels by time:
       D: 29 daAuts
